[Event "Titled Tuesday Blitz November 07 Late 2023"]
[White "Roberson, Peter T"]
[Black "Kopacz, Grzegorz"]
[WhiteFideId "412384"]
[BlackFideId "1109880"]
[WhiteElo "2589"]
[BlackElo "2218"]
[Result "1/2-1/2"]
[Round "1"]
[TimeControl "180+1"]
[Date "2023.11.07"]
[WhiteClock "0:00:08"]
[BlackClock "0:00:28"]
[Board "143"]

1. e4 c5 2. Nf3 g6 3. Bc4 Bg7 4. O-O Nc6 5. Re1 e6 6. a3 Nge7 7. Ba2 O-O 8. d3 d5 9. c3 b6 10. Bf4 Bb7 11. Qd2 dxe4 12. dxe4 Qxd2 13. Nbxd2 Rfd8 14. Nc4 Ba6 15. Rad1 Rxd1 16. Rxd1 Rd8 17. Rxd8+ Nxd8 18. Nd6 Ndc6 19. Bc4 Bxc4 20. Nxc4 Nc8 21. a4 h6 22. h4 Kf8 23. Kf1 Ke7 24. Ke2 Kd7 25. g4 Ke7 26. h5 g5 27. Be3 f6 28. Nfd2 Kd7 29. f4 Nd6 30. Nxd6 Kxd6 31. Nc4+ Kd7 32. Kf3 e5 33. fxe5 Nxe5+ 34. Nxe5+ fxe5 35. Ke2 Kc6 36. Kd3 a6 37. c4 Bf6 38. Bd2 a5 39. Bc3 Bg7 40. Kc2 Kd6 41. Be1 Bf6 42. Bf2 Bg7 43. b3 Bf6 44. Kb2 Bg7 45. Be3 Bf6 46. Bg1 Bg7 47. Bf2 Bf6 48. Be3 Bg7 49. b4 axb4 50. Kb3 Kc6 51. Bf2 Bf6 52. Be3 Bg7 53. Bf2 Bf6 54. Bg3 Bg7 55. Bh2 Bf6 56. Bg1 Bg7 57. Be3 Bf6 58. Bc1 Bg7 59. Bd2 Bf6 60. Bc1 Bg7 61. Bd2 Bf6 62. Bc1 1/2-1/2


[Site "https://www.chess.com"]

[Event "Titled Tuesday Blitz November 07 Late 2023"]
[White "Jamal-Jamal-Jamal"]
[Black "Czopor, Maciej"]
[BlackFideId "21805431"]
[WhiteElo "2209"]
[BlackElo "2579"]
[Result "1-0"]
[Round "1"]
[TimeControl "180+1"]
[Date "2023.11.07"]
[WhiteClock "0:00:54"]
[BlackClock "0:00:00"]
[Board "144"]

1. e4 c6 2. d4 d5 3. e5 Bf5 4. Nf3 e6 5. Be2 h6 6. O-O Nd7 7. Nbd2 Ne7 8. Nb3 g5 9. a4 Qc7 10. Bd2 a5 11. c3 Bg7 12. Ne1 O-O 13. f4 f6 14. exf6 Bxf6 15. Nd3 Ng6 16. fxg5 hxg5 17. Nbc5 Nxc5 18. Nxc5 b6 19. Rxf5 exf5 20. Ne6 Qe7 21. Nxf8 Rxf8 22. Bd3 Bg7 23. Qh5 Nf4 24. Bxf4 gxf4 25. Bxf5 Qe3+ 26. Kh1 Rf6 27. Rf1 Rh6 28. Qg4 Qg3 29. Be6+ Kh8 30. h3 Qxg4 31. Bxg4 Rf6 32. Re1 c5 33. Re8+ Kh7 34. Rd8 cxd4 35. cxd4 Rf7 36. Rxd5 Rc7 37. Kh2 Rc2 38. Bf5+ 1-0


[Site "https://www.chess.com"]

[Event "Titled Tuesday Blitz November 07 Late 2023"]
[White "Tologon tegin, Semetei"]
[Black "claudiuprunescu"]
[WhiteFideId "13800574"]
[WhiteElo "2577"]
[BlackElo "2203"]
[Result "1-0"]
[Round "1"]
[TimeControl "180+1"]
[Date "2023.11.07"]
[WhiteClock "0:01:16"]
[BlackClock "0:00:17"]
[Board "145"]

1. Nc3 Nc6 2. d4 d5 3. Bf4 a6 4. e3 Bf5 5. Bd3 Bxd3 6. cxd3 e6 7. Nf3 Bd6 8. Ne5 Nge7 9. Qg4 Ng6 10. Nxc6 bxc6 11. Bg3 h5 12. Qe2 h4 13. Bxd6 cxd6 14. h3 Rb8 15. Rc1 Qb6 16. b3 Qa5 17. O-O O-O 18. Na4 Rfc8 19. Rc2 c5 20. Rfc1 Rc6 21. dxc5 dxc5 22. Rxc5 Rxc5 23. Rxc5 Qb4 24. d4 Qb7 25. Qc2 Nf8 26. Rc7 Qb5 27. Nc5 a5 28. Ra7 Rc8 29. Qd2 Qb4 30. Qxb4 axb4 31. Ra4 Rb8 32. Kf1 Rb6 33. Ke2 Ng6 34. Na6 e5 35. Nxb4 exd4 36. Nxd5 Rd6 37. Rxd4 Ne5 38. Ne7+ 1-0


[Site "https://www.chess.com"]

[Event "Titled Tuesday Blitz November 07 Late 2023"]
[White "Silvestre, Christian"]
[Black "Cremisi, Daniel"]
[WhiteFideId "30956269"]
[BlackFideId "2089882"]
[WhiteElo "2203"]
[BlackElo "2575"]
[Result "0-1"]
[Round "1"]
[TimeControl "180+1"]
[Date "2023.11.07"]
[WhiteClock "0:00:05"]
[BlackClock "0:00:11"]
[Board "146"]

1. e4 e6 2. Qe2 Nc6 3. Nf3 g6 4. d4 Bg7 5. Be3 Nge7 6. c3 O-O 7. g3 f5 8. Nbd2 fxe4 9. Nxe4 d5 10. Ned2 e5 11. dxe5 Nxe5 12. Nxe5 Bxe5 13. Bh6 Bg7 14. Bxg7 Kxg7 15. O-O-O Nc6 16. Nb3 Qf6 17. f4 Bf5 18. Bg2 Rae8 19. Qf2 Be4 20. Rhe1 Bxg2 21. Qxg2 Rxe1 22. Rxe1 d4 23. cxd4 Nxd4 24. Qxb7 Nxb3+ 25. Qxb3 Kh6 26. Qc3 Qa6 27. Re7 Rf6 28. Qe3 Rc6+ 29. Kb1 Qf1+ 30. Qe1 Qd3+ 31. Ka1 Qc2 32. a3 Rb6 33. Qb1 Qxh2 34. Rxc7 a5 35. Rc3 Re6 36. Ka2 Qg2 37. Qd3 Re2 38. Rb3 Re1 39. Qb5 Qh1 40. Qg5+ Kg7 41. Rb7+ Qxb7 42. Qc5 Qf7+ 0-1


[Site "https://www.chess.com"]

[Event "Titled Tuesday Blitz November 07 Late 2023"]
[White "The_Straightforward_Rook"]
[Black "Chemin, Justo Reinaldo"]
[BlackFideId "2101580"]
[WhiteElo "2574"]
[BlackElo "2195"]
[Result "1-0"]
[Round "1"]
[TimeControl "180+1"]
[Date "2023.11.07"]
[WhiteClock "0:00:18"]
[BlackClock "0:00:00"]
[Board "147"]

1. e4 e6 2. d4 d5 3. e5 c5 4. c3 Nc6 5. Nf3 Qb6 6. Be2 Bd7 7. O-O a5 8. Na3 cxd4 9. cxd4 Bxa3 10. bxa3 Nge7 11. Be3 a4 12. Rb1 Qc7 13. Bd3 h6 14. Qe2 Nf5 15. Bxf5 exf5 16. Rfc1 O-O 17. Ne1 Rfc8 18. Nd3 Be6 19. Rc3 Qd8 20. Rxb7 Na5 21. Rxc8 Qxc8 22. Rb1 Nc4 23. Bc1 Rb8 24. Rb4 Rxb4 25. axb4 a3 26. h3 Qb7 27. Qc2 Qa7 28. Qc3 Qa4 29. Kh2 g5 30. Nc5 Qd1 31. Bxa3 Qe2 32. Nd3 Qxa2 33. Bc1 Qb1 34. Be3 f4 35. Bc1 Bf5 36. Nc5 Bc2 37. Bd2 Qd1 38. Be1 f3 39. gxf3 Qe2 40. Kg2 Bd3 41. Nxd3 h5 42. b5 g4 43. hxg4 hxg4 44. Nf4 gxf3+ 45. Qxf3 Qxe1 46. Nxd5 Nd2 47. Qg3+ Kf8 48. Nf6 Qf1+ 49. Kh2 1-0


[Site "https://www.chess.com"]

[Event "Titled Tuesday Blitz November 07 Late 2023"]
[White "Modric, Nesa"]
[Black "Gimenez Aguirre, Alejo Ismael"]
[WhiteFideId "922579"]
[BlackFideId "32041667"]
[WhiteElo "2174"]
[BlackElo "2572"]
[Result "0-1"]
[Round "1"]
[TimeControl "180+1"]
[Date "2023.11.07"]
[WhiteClock "0:00:00"]
[BlackClock "0:01:44"]
[Board "148"]

1. e4 c5 2. c3 g6 3. d4 cxd4 4. cxd4 d5 5. e5 Bg7 6. Nc3 Nc6 7. Bb5 Nh6 8. h3 O-O 9. Nf3 Bf5 10. Bxc6 bxc6 11. O-O Be4 12. Bf4 Nf5 13. Ng5 h6 14. Ngxe4 dxe4 15. Nxe4 Qxd4 16. Qxd4 Nxd4 17. Kh1 Rab8 18. b3 Ne6 19. Bg3 g5 20. Rad1 Rfd8 21. Rxd8+ Rxd8 22. Rc1 Nd4 23. Rc4 Kh7 24. Ra4 Kg6 25. Rxa7 h5 26. Rxe7 h4 27. Bh2 Ne2 28. g3 Kf5 29. Nd6+ Kg6 30. Nxf7 Rd1+ 31. Kg2 Bf8 32. Rc7 Kf5 33. Nd6+ Bxd6 34. exd6 Ke4 35. d7 hxg3 36. Bxg3 Rd2 37. f3+ Kf5 38. Kf1 Nxg3+ 39. Ke1 Rd6 40. Rxc6 Rxd7 41. Rc5+ Kf4 42. Rc4+ Kxf3 43. Rc3+ Kg2 44. b4 Kxh3 45. b5 Kg2 46. a4 g4 47. b6 Ne4 48. Rc7 Rd8 49. b7 Nd6 50. a5 Re8+ 51. Kd2 g3 52. a6 Rd8 53. Kc2 Kf3 54. a7 Nxb7 55. Rxb7 Ra8 56. Rf7+ Kg2 57. Kd2 Kh1 58. Ke2 g2 59. Rh7+ Kg1 60. Kf3 Kf1 61. Rb7 Rf8+ 0-1


[Site "https://www.chess.com"]

[Event "Titled Tuesday Blitz November 07 Late 2023"]
[White "Streltsov, Alexey"]
[Black "Vila Dupla, Aurelio"]
[WhiteFideId "24104434"]
[BlackFideId "2203383"]
[WhiteElo "2565"]
[BlackElo "2171"]
[Result "1-0"]
[Round "1"]
[TimeControl "180+1"]
[Date "2023.11.07"]
[WhiteClock "0:01:23"]
[BlackClock "0:00:07"]
[Board "149"]

1. d4 Nf6 2. Nc3 d5 3. Bf4 g6 4. Qd2 Bg7 5. O-O-O O-O 6. Bh6 c5 7. Bxg7 Kxg7 8. dxc5 Qa5 9. Kb1 Qxc5 10. h4 h5 11. e3 Bf5 12. Nf3 Nc6 13. Nd4 Nxd4 14. exd4 Qa5 15. Bd3 Bxd3 16. Qxd3 Rac8 17. f3 Rc7 18. Ne2 Rfc8 19. c3 b5 20. a3 Qa4 21. Nf4 a5 22. g4 b4 23. cxb4 axb4 24. g5 Rc3 25. gxf6+ exf6 26. Nxh5+ gxh5 27. Rhg1+ Kf8 28. Qh7 Qc2+ 29. Qxc2 Rxc2 30. Rc1 Rxc1+ 31. Rxc1 Rb8 32. Ka2 bxa3 33. bxa3 Ke7 34. Rc5 Ke6 35. Rc6+ Kf5 36. Rd6 Kf4 37. Rxd5 Kxf3 38. Rxh5 Ke4 39. d5 f5 40. Rh7 Rb7 41. d6 f4 42. Rh6 f3 43. Rf6 Ke3 44. h5 Ke2 45. h6 Rd7 46. h7 1-0


[Site "https://www.chess.com"]

[Event "Titled Tuesday Blitz November 07 Late 2023"]
[White "Novikova, Margarita"]
[Black "Chylewski, Patryk"]
[WhiteFideId "14109689"]
[BlackFideId "1186191"]
[WhiteElo "2168"]
[BlackElo "2564"]
[Result "0-1"]
[Round "1"]
[TimeControl "180+1"]
[Date "2023.11.07"]
[WhiteClock "0:00:02"]
[BlackClock "0:00:09"]
[Board "150"]

1. e4 c5 2. Nc3 g6 3. d3 Bg7 4. Be3 d6 5. Qd2 Nc6 6. h4 h6 7. g3 Rb8 8. Bg2 b5 9. Nd1 b4 10. Ne2 Nf6 11. f3 a5 12. Nf2 a4 13. c3 a3 14. bxa3 bxa3 15. Nd1 Ba6 16. O-O Ne5 17. Nc1 Nfd7 18. Kh1 h5 19. f4 Ng4 20. Bg1 O-O 21. Nf2 Rb2 22. Qd1 Nxf2+ 23. Rxf2 Bxc3 24. Ne2 Bg7 25. Rc1 Qa5 26. f5 Ne5 27. fxg6 fxg6 28. Rxf8+ Bxf8 29. Nf4 Qd2 30. Qf1 Bh6 31. Rd1 Qa5 32. Nd5 Qd8 33. Bh3 Ng4 34. Bxg4 hxg4 35. Ne3 Qd7 36. Rb1 Bg7 37. Rxb2 axb2 38. Qb1 Bd4 39. Nd5 Qb7 40. Bf2 Bxf2 41. e5 Qxd5+ 42. Kh2 Bd4 43. exd6 Qf3 44. Qc2 b1=Q 45. Qxb1 Qf2+ 46. Kh1 exd6 47. Qb8+ Kg7 48. Qc7+ Qf7 49. Qxd6 Bb7+ 50. Kh2 Qf2# 0-1


[Site "https://www.chess.com"]

[Event "Titled Tuesday Blitz November 07 Late 2023"]
[White "Jimenez Almeida, Luis David"]
[Black "Hartikainen, Jarmo"]
[WhiteFideId "22242244"]
[BlackFideId "503134"]
[WhiteElo "2563"]
[BlackElo "2163"]
[Result "1-0"]
[Round "1"]
[TimeControl "180+1"]
[Date "2023.11.07"]
[WhiteClock "0:00:37"]
[BlackClock "0:00:00"]
[Board "151"]

1. e4 c5 2. Nc3 e6 3. g3 d5 4. Bg2 dxe4 5. Nxe4 Nf6 6. Ne2 Nxe4 7. Bxe4 Nd7 8. O-O Nf6 9. Bg2 Be7 10. d4 cxd4 11. Nxd4 O-O 12. c4 a6 13. Be3 e5 14. Nb3 Qc7 15. Rc1 Be6 16. Qe2 Rfd8 17. h3 Rd7 18. Rfd1 Rad8 19. Rxd7 Rxd7 20. Nd2 b5 21. b3 Ba3 22. Re1 bxc4 23. Nxc4 Bxc4 24. bxc4 Bc5 25. Bxc5 Qxc5 26. Qxe5 Qxe5 27. Rxe5 Rc7 28. c5 Kf8 29. c6 g6 30. Ra5 Ra7 31. Rxa6 Rc7 32. Rb6 Ke7 33. Rb7 Kd6 34. a4 Ne8 35. a5 Rxb7 36. cxb7 Kc7 37. Bd5 f6 38. a6 Kb8 39. Bg8 h6 40. Bh7 g5 41. Bd3 Nc7 42. g4 Ka7 43. Kg2 Kb8 44. Kf3 Nd5 45. Ke4 Nb4 46. Bf1 Nc2 47. Kf5 Nd4+ 48. Kxf6 Ka7 49. Kg6 1-0


[Site "https://www.chess.com"]

[Event "Titled Tuesday Blitz November 07 Late 2023"]
[White "Ismayilova, Khanim"]
[Black "Cervantes Landeiro, Thalia"]
[WhiteFideId "13429019"]
[BlackFideId "3520498"]
[WhiteElo "2162"]
[BlackElo "2562"]
[Result "0-1"]
[Round "1"]
[TimeControl "180+1"]
[Date "2023.11.07"]
[WhiteClock "0:00:18"]
[BlackClock "0:00:41"]
[Board "152"]

1. e4 c5 2. c3 Nf6 3. e5 Nd5 4. d4 cxd4 5. Nf3 Nc6 6. Bc4 Nb6 7. Bb3 d6 8. exd6 Qxd6 9. cxd4 Be6 10. O-O Bxb3 11. Qxb3 e6 12. Rd1 Be7 13. Nc3 O-O 14. Ne4 Qd5 15. Qxd5 Nxd5 16. Bg5 Bxg5 17. Nexg5 Rfd8 18. Rac1 Nf4 19. Kf1 Rd7 20. g3 Nd5 21. Ne4 Rc8 22. Ne5 Rdc7 23. Nd6 Rd8 24. Ndxf7 Rxf7 25. Nxf7 Kxf7 26. Ke2 Ndb4 27. Ke3 Nxa2 28. Rc5 Nab4 29. Rh5 Nd5+ 30. Kf3 Kg6 31. Rh4 Rf8+ 32. Kg2 h5 33. Re4 Re8 34. Rde1 Kf6 35. h3 Ncb4 36. R1e2 a5 37. Re5 g6 38. g4 Nf4+ 39. Kg3 Nxe2+ 40. Rxe2 Nc6 41. gxh5 gxh5 42. Kh4 Nxd4 43. Rd2 Nf3+ 44. Kxh5 Nxd2 45. Kh6 Rh8# 0-1


[Site "https://www.chess.com"]

[Event "Titled Tuesday Blitz November 07 Late 2023"]
[White "Toropov, Pavel"]
[Black "Tarnowska, Aleksandra"]
[WhiteFideId "24129178"]
[BlackFideId "1180967"]
[WhiteElo "2562"]
[BlackElo "2159"]
[Result "1-0"]
[Round "1"]
[TimeControl "180+1"]
[Date "2023.11.07"]
[WhiteClock "0:00:19"]
[BlackClock "0:00:11"]
[Board "153"]

1. e4 c5 2. Nf3 e6 3. d4 cxd4 4. Nxd4 a6 5. Nc3 Qc7 6. Qf3 Nf6 7. Qg3 Qxg3 8. hxg3 Nc6 9. Nxc6 dxc6 10. e5 Nd5 11. Ne4 b5 12. Bd2 Bb7 13. c4 Nb4 14. Kd1 c5 15. Nd6+ Bxd6 16. exd6 bxc4 17. Bxc4 Bxg2 18. Rh4 Bf3+ 19. Kc1 Kd7 20. Bc3 f6 21. b3 Kxd6 22. Kb2 e5 23. Re1 h6 24. Re3 Bc6 25. a3 Nd5 26. Rd3 Ke6 27. f4 e4 28. f5+ Kxf5 29. Bxd5 exd3 30. Bxc6 Rad8 31. Be4+ Kg5 32. Bd2# 1-0


[Site "https://www.chess.com"]

[Event "Titled Tuesday Blitz November 07 Late 2023"]
[White "Smirnov, Timofey"]
[Black "Gontcharov, Vladislav"]
[WhiteFideId "24176427"]
[BlackFideId "4123492"]
[WhiteElo "2152"]
[BlackElo "2555"]
[Result "0-1"]
[Round "1"]
[TimeControl "180+1"]
[Date "2023.11.07"]
[WhiteClock "0:00:00"]
[BlackClock "0:00:39"]
[Board "154"]

1. d4 Nf6 2. Bf4 e6 3. e3 b6 4. Nf3 Bb7 5. Be2 Nh5 6. Bg3 Nxg3 7. hxg3 g6 8. c4 Bg7 9. Nc3 d6 10. a4 a6 11. O-O O-O 12. Qc2 Nd7 13. b4 a5 14. b5 Qe7 15. Rad1 f5 16. Nd2 g5 17. Bf3 Bxf3 18. Nxf3 g4 19. Nh4 Bf6 20. Ne2 Bxh4 21. gxh4 Qxh4 22. Nf4 g3 23. fxg3 Qxg3 24. Rf3 Qh4 25. Nxe6 Rf6 26. Nxc7 Raf8 27. Nd5 Rg6 28. Rdf1 Kh8 29. Rxf5 Rfg8 30. R1f2 h6 31. R5f4 Qg5 32. Rf5 Qh4 33. R5f4 Qg5 34. Kf1 R8g7 35. Rf8+ Kh7 36. R8f5 Qh4 37. Nf6+ Nxf6 38. Rxf6 Qh1+ 39. Ke2 Qh5+ 40. Kf1 Qh1+ 41. Ke2 Qh5+ 42. Kd2 Kh8 43. Rxg6 Rxg6 44. Rf8+ Kg7 45. Rf2 Rg3 46. Kc1 Qg5 47. Kb2 Qxe3 48. Qf5 Qa3+ 49. Kb1 Rb3+ 50. Kc2 Rb2+ 51. Kc1 Qa1+ 0-1


[Site "https://www.chess.com"]

[Event "Titled Tuesday Blitz November 07 Late 2023"]
[White "Toncheva, Nadya"]
[Black "VitaliyChayka"]
[WhiteFideId "2924056"]
[WhiteElo "2554"]
[BlackElo "2135"]
[Result "1-0"]
[Round "1"]
[TimeControl "180+1"]
[Date "2023.11.07"]
[WhiteClock "0:00:51"]
[BlackClock "0:00:00"]
[Board "155"]

1. d4 g6 2. c4 c5 3. d5 e5 4. Nc3 d6 5. e4 h5 6. Bd3 a6 7. Nge2 Bh6 8. O-O Nd7 9. a3 Qe7 10. b4 Kf8 11. Bxh6+ Nxh6 12. f3 Kg7 13. Qd2 h4 14. Rab1 f6 15. Bc2 Nf7 16. Nc1 b6 17. Nd3 Rh5 18. Ba4 Bb7 19. Bxd7 Qxd7 20. bxc5 bxc5 21. Qc2 Rhh8 22. Qa4 Qc7 23. Rb2 Ra7 24. Rfb1 Ba8 25. Rb6 Bb7 26. Qb3 Ba8 27. a4 g5 28. a5 Nh6 29. Na4 g4 30. f4 Nf7 31. Qd1 g3 32. Qg4+ 1-0


[Site "https://www.chess.com"]

[Event "Titled Tuesday Blitz November 07 Late 2023"]
[White "Petersson, Kjell"]
[Black "Przybylski, Wojciech"]
[WhiteFideId "1705148"]
[BlackFideId "1117599"]
[WhiteElo "2134"]
[BlackElo "2549"]
[Result "1-0"]
[Round "1"]
[TimeControl "180+1"]
[Date "2023.11.07"]
[WhiteClock "0:01:08"]
[BlackClock "0:00:12"]
[Board "156"]

1. d4 d5 2. Bf4 Bf5 3. e3 e6 4. Bd3 Ne7 5. Nf3 Nd7 6. Nbd2 Bxd3 7. cxd3 c6 8. e4 Ng6 9. Bg3 Bb4 10. O-O O-O 11. e5 b5 12. a3 Be7 13. Rc1 Qb6 14. Nb3 Rfc8 15. h4 h6 16. h5 Ngf8 17. Bh4 Bxh4 18. Nxh4 c5 19. dxc5 Nxc5 20. Nxc5 Rxc5 21. Rxc5 Qxc5 22. d4 Qe7 23. g3 Rc8 24. Qd2 Qg5 25. Qa5 Qxh5 26. Qxb5 Qg4 27. Qa4 Rc7 28. Ng2 Qe4 29. Re1 Qd3 30. Ne3 h5 31. Qd1 g6 32. Qxd3 Nh7 33. Qb5 Ng5 34. Qe8+ Kg7 35. Kg2 a5 36. Qd8 Rb7 37. Qxg5 1-0


[Site "https://www.chess.com"]

[Event "Titled Tuesday Blitz November 07 Late 2023"]
[White "Koziorowicz, Michal"]
[Black "Jelcic, Marko"]
[WhiteFideId "21809194"]
[BlackFideId "14406489"]
[WhiteElo "2548"]
[BlackElo "2133"]
[Result "1-0"]
[Round "1"]
[TimeControl "180+1"]
[Date "2023.11.07"]
[WhiteClock "0:02:17"]
[BlackClock "0:01:04"]
[Board "157"]

1. e4 Nf6 2. Nc3 e5 3. Nf3 Nc6 4. a4 d5 5. Bb5 Bd7 6. exd5 Nd4 7. O-O Bxb5 8. axb5 Bd6 9. Nxd4 exd4 10. Re1+ Be7 11. Ne4 O-O 12. Nxf6+ Bxf6 13. c4 dxc3 14. dxc3 Qd6 15. Qf3 Rfe8 16. Bf4 Qb6 17. Qd3 h6 18. Qc4 Rxe1+ 19. Rxe1 Rd8 20. Bxc7 Rc8 21. Bxb6 Rxc4 22. Bxa7 Rc8 23. Bb6 Kf8 24. d6 Bd8 25. d7 Ra8 26. Re8# 1-0


[Site "https://www.chess.com"]

[Event "Titled Tuesday Blitz November 07 Late 2023"]
[White "Mangialardo, Tiago Carvalho"]
[Black "Lymar, Vladislav"]
[WhiteFideId "2130718"]
[BlackFideId "14162180"]
[WhiteElo "2124"]
[BlackElo "2547"]
[Result "0-1"]
[Round "1"]
[TimeControl "180+1"]
[Date "2023.11.07"]
[WhiteClock "0:00:04"]
[BlackClock "0:00:45"]
[Board "158"]

1. e4 d6 2. d4 Nf6 3. Nd2 e5 4. c3 Be7 5. f4 Nbd7 6. fxe5 dxe5 7. Ngf3 Bd6 8. Nc4 Qe7 9. Nxd6+ cxd6 10. Bd3 exd4 11. O-O dxc3 12. bxc3 h6 13. Bf4 Ne5 14. Bb5+ Bd7 15. Bxe5 dxe5 16. Qa4 O-O 17. Rad1 Qc5+ 18. Nd4 Rad8 19. Rxf6 Bxb5 20. Qb3 gxf6 21. Kh1 exd4 22. c4 Bxc4 23. Qh3 d3 24. Qxh6 Qg5 25. Qh3 d2 26. Qc3 Be2 27. Rxd2 Rxd2 28. h4 Rd1+ 29. Kh2 Qf4+ 30. g3 Qf2+ 31. Kh3 Rh1# 0-1


[Site "https://www.chess.com"]

[Event "Titled Tuesday Blitz November 07 Late 2023"]
[White "Wartiovaara, Oliver"]
[Black "Kniazev, Igor"]
[WhiteFideId "513024"]
[BlackFideId "4136349"]
[WhiteElo "2543"]
[BlackElo "2116"]
[Result "0-1"]
[Round "1"]
[TimeControl "180+1"]
[Date "2023.11.07"]
[WhiteClock "0:00:00"]
[BlackClock "0:01:08"]
[Board "159"]

1. Nf3 Nf6 2. c4 e6 3. g3 d5 4. Bg2 dxc4 5. Qa4+ c6 6. Qxc4 Be7 7. d4 O-O 8. O-O Nbd7 9. Ne5 Nxe5 10. dxe5 Nd7 11. f4 Qb6+ 12. Kh1 Qb4 13. Qc2 Nb6 14. Nc3 Nd5 15. Ne4 Rd8 16. Rd1 Bd7 17. a3 Qb6 18. Rd3 c5 19. Nd2 Bc6 0-1


[Site "https://www.chess.com"]

[Event "Titled Tuesday Blitz November 07 Late 2023"]
[White "Fernandez Sanchez, Mario Andres"]
[Black "Dragomirescu, Robin-Alexandru"]
[WhiteFideId "6501621"]
[BlackFideId "1213849"]
[WhiteElo "2115"]
[BlackElo "2541"]
[Result "0-1"]
[Round "1"]
[TimeControl "180+1"]
[Date "2023.11.07"]
[WhiteClock "0:00:08"]
[BlackClock "0:00:15"]
[Board "160"]

1. d4 Nf6 2. Bf4 g6 3. Nc3 d5 4. e3 Bg7 5. h4 Bf5 6. h5 gxh5 7. Rxh5 Nxh5 8. Qxh5 e6 9. O-O-O a6 10. Nf3 c5 11. Ne5 Bg6 12. Qh2 Nc6 13. dxc5 Qa5 14. Nxc6 bxc6 15. Be5 O-O 16. Bxg7 Kxg7 17. Bd3 f6 18. Rh1 Rh8 19. Qd6 Rab8 20. Qxe6 Rb7 21. Qxc6 Qb4 22. Bxg6 Qxb2+ 23. Kd2 hxg6 24. Rxh8 Kxh8 25. Qxf6+ Kh7 26. c6 Rc7 27. Qh4+ Kg7 28. Qd4+ Kh7 29. Qh4+ Kg7 30. Qd4+ Kh7 31. Qxd5 Qb6 32. Qf3 Qxc6 33. Qh3+ Kg7 34. e4 Rd7+ 35. Nd5 Qd6 36. c4 Re7 37. f3 Qa3 38. Ke2 Qxa2+ 39. Ke3 Rb7 40. Qe6 Qxc4 41. Qe5+ Kh6 42. Qh2+ Kg7 43. Qe5+ Kf7 44. Qf6+ Ke8 45. Qxg6+ Kd7 46. Qf7+ Kc6 47. Ne7+ Kb5 48. Qxc4+ Kxc4 49. Nd5 a5 50. f4 a4 51. Kd2 a3 52. Ne3+ Kb3 53. Nc2 Rd7+ 54. Kc1 Rc7 55. Kb1 Rxc2 56. e5 a2+ 57. Ka1 Rc1# 0-1


[Site "https://www.chess.com"]

[Event "Titled Tuesday Blitz November 07 Late 2023"]
[White "Silva Lucena, Cristian"]
[Black "Tokat, Nehir"]
[WhiteFideId "2232588"]
[BlackFideId "34557555"]
[WhiteElo "2533"]
[BlackElo "2109"]
[Result "0-1"]
[Round "1"]
[TimeControl "180+1"]
[Date "2023.11.07"]
[WhiteClock "0:00:59"]
[BlackClock "0:01:01"]
[Board "161"]

1. e4 c5 2. Nf3 Nc6 3. d4 cxd4 4. Nxd4 g6 5. Nc3 Bg7 6. Be3 Nf6 7. Bc4 O-O 8. Bb3 d6 9. f3 Bd7 10. Qd2 Nxd4 11. Bxd4 b5 12. h4 a5 13. a4 bxa4 14. Nxa4 Rb8 15. Nc3 e5 16. Be3 Bc6 17. O-O-O a4 18. Ba2 a3 19. b3 Qa5 20. Kb1 Qb4 21. Nd5 Bxd5 22. Qxb4 Rxb4 23. exd5 Rc8 24. Rd2 e4 25. Kc1 Nd7 26. f4 f5 27. c4 Nc5 28. Bxc5 Rxc5 29. g3 Bc3 30. Rc2 Bb2+ 31. Kd2 Bd4 32. Ke2 Rc8 33. Rd1 Bc5 34. Rh1 Kg7 35. h5 Kf6 36. Kd1 Rb7 37. Rch2 g5 38. Kc2 gxf4 39. gxf4 Rg8 40. Rf1 Rg3 41. Re2 Rbg7 42. Rfe1 Rh3 43. Rb1 Bb4 44. Rf1 Rxh5 45. Kb1 Rh3 46. Kc2 Rg4 47. Kb1 Rhh4 48. Kc2 Rxf4 49. Rg1 Rfg4 50. Rf1 Ke5 51. Bb1 Rh5 52. Kc1 Rhg5 53. Bc2 Rg1 54. Rxg1 Rxg1+ 55. Bd1 Rg3 56. Bc2 h5 57. Kb1 h4 58. Rh2 h3 59. Re2 Rg2 60. Re3 h2 61. Rh3 Rg1+ 62. Ka2 h1=Q 0-1


[Site "https://www.chess.com"]

[Event "Titled Tuesday Blitz November 07 Late 2023"]
[White "Yushko, Olga"]
[Black "Tikhonov, Viacheslav"]
[WhiteFideId "14114500"]
[BlackFideId "44196407"]
[WhiteElo "2107"]
[BlackElo "2530"]
[Result "0-1"]
[Round "1"]
[TimeControl "180+1"]
[Date "2023.11.07"]
[WhiteClock "0:00:28"]
[BlackClock "0:00:28"]
[Board "162"]

1. d4 d5 2. c4 Nc6 3. Nf3 Bg4 4. Nc3 e6 5. Bg5 Be7 6. Bxe7 Ngxe7 7. e3 O-O 8. Be2 dxc4 9. Bxc4 Nd5 10. O-O Nce7 11. Be2 c6 12. h3 Bh5 13. Rc1 Rc8 14. Ne4 Bg6 15. Nc5 Qc7 16. Ne5 Rfd8 17. Qa4 b6 18. Na6 Qb7 19. Nb4 Nxb4 20. Qxb4 a5 21. Qa4 Be4 22. f3 Bg6 23. Rfd1 Nd5 24. Kf2 Ne7 25. a3 Rc7 26. b4 axb4 27. axb4 Ra8 28. Qb3 b5 29. Bd3 Qb6 30. Bxg6 hxg6 31. Nd3 Rca7 32. Rc2 Ra3 33. Qb2 Nf5 34. g4 Ne7 35. Nc5 Nd5 36. e4 Nf4 37. Kg3 Qc7 38. e5 Nd5 39. Ne4 Ne3 40. Rdc1 Nxc2 41. Qxc2 Qb6 42. Qxc6 Qxd4 43. Qxb5 Qe3 44. Qc6 Qxf3+ 45. Kh2 Qxh3+ 46. Kg1 Qxg4+ 47. Kf1 Qf4+ 48. Nf2 Ra2 49. Qc5 Qf3 50. b5 Qf4 51. b6 Rxf2+ 52. Qxf2 Qxc1+ 53. Kg2 Qc6+ 54. Kh2 Rb8 0-1


[Site "https://www.chess.com"]

[Event "Titled Tuesday Blitz November 07 Late 2023"]
[White "a-z30"]
[Black "Elbebiber"]
[WhiteElo "2529"]
[BlackElo "2103"]
[Result "1-0"]
[Round "1"]
[TimeControl "180+1"]
[Date "2023.11.07"]
[WhiteClock "0:01:37"]
[BlackClock "0:01:08"]
[Board "163"]

1. d3 d5 2. Nf3 Nf6 3. g3 c6 4. Bg2 g6 5. O-O Bg7 6. c4 O-O 7. cxd5 cxd5 8. Nc3 Nc6 9. Qa4 Bd7 10. Qh4 a6 11. Bh6 Rc8 12. Ng5 d4 13. Nce4 Nxe4 14. Bxg7 Nxg5 15. Bxf8 Qxf8 16. Qxg5 f6 17. Qf4 e5 18. Qd2 Qd6 19. Rac1 Re8 20. a3 Kg7 21. h4 Ne7 22. Qb4 Qxb4 23. axb4 Bc6 24. f4 exf4 25. Rxf4 Rd8 26. Rc4 Nf5 27. Bxc6 bxc6 28. Rxc6 Nxg3 29. Rfxf6 Nxe2+ 30. Kf2 Re8 31. Rfe6 Rf8+ 32. Kxe2 1-0


[Site "https://www.chess.com"]

[Event "Titled Tuesday Blitz November 07 Late 2023"]
[White "Powell, Paul"]
[Black "Shubenkova, Veronika"]
[WhiteFideId "2005840"]
[BlackFideId "44124040"]
[WhiteElo "2075"]
[BlackElo "2528"]
[Result "0-1"]
[Round "1"]
[TimeControl "180+1"]
[Date "2023.11.07"]
[WhiteClock "0:00:00"]
[BlackClock "0:01:08"]
[Board "164"]

1. d4 d5 2. Nf3 Nf6 3. Bf4 e6 4. e3 Bd6 5. Bd3 Ne4 6. Nbd2 f5 7. Ne5 O-O 8. h3 Nd7 9. Ndf3 Nxe5 10. Nxe5 c5 11. c3 cxd4 12. Bxe4 fxe4 13. cxd4 Qa5+ 14. Kf1 b6 15. Kg1 Qb5 16. Rb1 Ba6 17. Kh2 Rf5 18. Qg4 Qe8 19. Rbc1 h5 20. Qg3 Be7 21. h4 Bf6 22. Rc7 Rc8 23. Rhc1 Rxc7 24. Rxc7 Be2 25. Kg1 Qd8 26. Rc1 Bxh4 27. Qh2 Bf6 28. Rc2 Bd3 29. Rc3 g5 30. Bg3 Be2 0-1


[Site "https://www.chess.com"]